 Dungeon Sprint DCSS version 0.27-a0-988-g25969acef8 (webtiles) character file.

Game seed: 15936949293090816838

35779 mhtbhm the Sorcerer (level 13, -12/70 HPs)
             Began as a Deep Elf Fire Elementalist on Apr 15, 2021.
             Was the Champion of Vehumet.
             Killed from afar by a hellion (17 damage)
             ... with damnation
             ... in the Dungeon (Sprint V: "Ziggurat Sprint").
             The game lasted 00:16:10 (1972 turns).

mhtbhm the Sorcerer (Deep Elf Fire Elementalist)    Turns: 1972, Time: 00:16:11

Health: -12/70     AC:  5    Str:  9    XL:     13   Next: 49%
Magic:  40/49      EV: 21    Int: 29    God:    Vehumet [******]
Gold:   0          SH:  0    Dex: 21    Spells: 14/54 levels left

rFire    + . .     SeeInvis +   E - staff of fire
rCold    . . .     Faith    .   (no shield)
rNeg     . . .     Spirit   .   a - +1 robe of Wrong Decisions {Rampage rElec}
rPois    .         Reflect  .   (no helmet)
rElec    +         Harm     .   (no cloak)
rCorr    +         Rampage  +   (no gloves)
Will     +....     NoTele   +   C - +1 pair of boots {rampage}
Stlth    +++.......             r - amulet of Doubts {RegenMP rCorr Str+2}
HPRegen  0.21/turn              x - ring "Wyddahit" {Wiz Contam Int+3}
MPRegen  0.56/turn              G - ring "Focabris" {MP+9 Str+2 Dex+6 SInv}

@: unable to read, very slightly contaminated, invisible
A: inability to read while threatened
a: Renounce Religion


You were in the Dungeon.
You worshipped Vehumet.
Vehumet was exalted by your worship.
You visited 1 branch

Inventory:

Hand Weapons
 B - the +6 Majin-Bo {vamp, MP+6 Int+6}
   (You found it in the Dungeon)

   It inflicts no extra harm, but heals its wielder when it wounds a living foe.
   It affects your intelligence (+6).
   It affects your magic capacity (+6).
 D - the +8 rapier of the Known World {flame, rElec rF+++ Dex-2}
   (You found it in the Dungeon)

   It has been specially enchanted to burn those struck by it, causing extra
   injury to most foes and up to half again as much damage against particularly
   susceptible opponents.
   It affects your dexterity (-2).
   It renders you almost immune to fire.
   It insulates you from electricity.
Armour
 a - the +1 robe of Wrong Decisions (worn) {Rampage rElec}
   (You found it in the Dungeon)

   It insulates you from electricity.
   It bestows one free step when moving towards enemies.
 C - a +1 pair of boots of rampaging (worn)
Magical Staves
 E - a staff of fire (weapon)
Jewellery
 r - the amulet of Doubts (around neck) {RegenMP rCorr Str+2}
   (You found it in the Dungeon)

   [amulet of magic regeneration]

   It increases your rate of magic regeneration.
   It affects your strength (+2).
   It protects you from acid and corrosion.
 v - the ring of the Jester {Fire Str+3}
   (You took it off an orc wizard in the Dungeon)

   [ring of fire]

   It enhances your fire magic.
   It affects your strength (+3).
   It protects you from fire.
   It makes you vulnerable to cold.
 w - the ring "Jutriv" {rF+ Int+6}
   (You took it off an orc in the Dungeon)

   [ring of intelligence]

   It affects your intelligence (+6).
   It protects you from fire.
 x - the ring "Wyddahit" (left hand) {Wiz Contam Int+3}
   (You found it in the Dungeon)

   [ring of wizardry]

   It improves your spell success rate.
   It affects your intelligence (+3).
   It causes magical contamination when unequipped.
 G - the ring "Focabris" (right hand) {MP+9 Str+2 Dex+6 SInv}
   (You took it off a vault guard in the Dungeon)

   [ring of dexterity]

   It affects your strength (+2).
   It affects your dexterity (+6).
   It affects your magic capacity (+9).
   It lets you see invisible.
 K - the ring "Jadumuim" {rC- rN++ rCorr EV+4}
   (You found it in the Dungeon)

   [ring of evasion]

   It affects your evasion (+4).
   It makes you vulnerable to cold.
   It greatly protects you from negative energy.
   It protects you from acid and corrosion.
Wands
 y - a wand of mindburst (7)
 z - a wand of iceblast (3)
 A - a wand of acid (4)
Scrolls
 h - 2 scrolls of blinking
 m - 4 scrolls of amnesia
 n - 7 scrolls of fog
 o - a scroll of holy word
 p - 5 scrolls of identify
 q - 2 scrolls of fear
 t - 4 scrolls of enchant weapon
 H - 2 scrolls of brand weapon
Potions
 b - 2 potions of brilliance
 c - 9 potions of curing
 d - 9 potions of heal wounds
 e - 5 potions of haste
 f - 7 potions of magic
 g - 3 potions of berserk rage
 i - 2 potions of invisibility
 j - 4 potions of resistance
 l - 5 potions of might
Miscellaneous
 k - a condenser vane (inert)
 s - a tin of tremorstones (1/2)
 u - a phantom mirror
 F - a phantom mirror


   Skills:
 + Level 4.2 Fighting
 + Level 1.8 Staves
 + Level 12.3 Dodging
 - Level 2.7 Stealth
 + Level 21.4 Spellcasting
 + Level 14.8 Conjurations
 + Level 7.0 Hexes
 + Level 5.5 Translocations
 + Level 20.5 Fire Magic
 + Level 1.0 Earth Magic
 + Level 7.2 Evocations


You had 14 spell levels left.
You knew the following spells:

 Your Spells              Type           Power      Damage    Failure   Level
a - Foxfire               Conj/Fire      100%       2x1d9     0%          1
b - Conjure Flame         Conj/Fire      100%       6-21      0%          3
c - Inner Flame           Hex/Fire       100%       N/A       0%          3
d - Sticky Flame          Conj/Fire      100%       2d11      0%          4
e - Fireball              Conj/Fire      58%        3d22      0%          5
f - Lee's Rapid Deconstr  Erth           18%        3d12*     2%          5
g - Blink                 Tloc           N/A        N/A       1%          2
h - Swiftness             Air            31%        N/A       1%          3
i - Bolt of Magma         Conj/Fire/Erth 50%        4d20      1%          5
j - Mephitic Cloud        Conj/Pois/Air  56%        N/A       1%          3
k - Invisibility          Hex            64%        N/A       4%          6

Your spell library contained the following spells:

 Spells                   Type           Power      Damage    Failure   Level
 Ozocubu's Refrigeration  Ice            15%        4d8       63%         7
 Animate Skeleton         Necr           62%        N/A       1%          1
 Beastly Appendage        Tmut           62%        N/A       1%          1
 Corona                   Hex            71%        N/A       1%          1
 Pain                     Necr           100%       1d9       1%          1
 Shock                    Conj/Air       100%       1d9       1%          1
 Sting                    Tmut/Pois      100%       1d8       1%          1
 Summon Small Mammal      Summ           100%       N/A       1%          1
 Call Imp                 Summ           31%        N/A       1%          2
 Corpse Rot               Necr/Air       N/A        N/A       1%          2
 Ensorcelled Hibernation  Hex/Ice        100%       N/A       1%          2
 Poisonous Vapours        Pois/Air       62%        N/A       1%          2
 Static Discharge         Conj/Air       65%        N/A       1%          2
 Sublimation of Blood     Necr           15%        N/A       1%          2
 Wereblood                Tmut           31%        N/A       1%          2
 Call Canine Familiar     Summ           31%        N/A       1%          3
 Gell's Gravitas          Tloc           29%        N/A       1%          3
 Ignite Poison            Fire/Tmut/Pois 82%        N/A       1%          3
 Lesser Beckoning         Tloc           29%        N/A       1%          3
 Portal Projectile        Hex/Tloc       100%       N/A       1%          3
 Spider Form              Tmut/Pois      15%        N/A       1%          3
 Stone Arrow              Conj/Erth      100%       3d13      1%          3
 Summon Guardian Golem    Hex/Summ       50%        N/A       1%          3
 Teleport Other           Tloc           59%        N/A       1%          3
 Vampiric Draining        Necr           15%        2d8       1%          3
 Airstrike                Air            15%        N/A       1%          4
 Cause Fear               Hex            32%        N/A       1%          4
 Irradiate                Conj/Tmut      32%        3d24      1%          5
 Lightning Bolt           Conj/Air       32%        1d50      1%          5
 Manifold Assault         Tloc           59%        N/A       1%          5
 Conjure Ball Lightning   Conj/Air       32%        3x3d10    1%          6
 Metabolic Englaciation   Hex/Ice        25%        N/A       3%          5
 Silence                  Hex/Air        25%        N/A       3%          5
 Freezing Cloud           Conj/Ice/Air   28%        6-21      3%          6
 Animate Dead             Necr           15%        N/A       4%          4
 Ice Form                 Ice/Tmut       31%        N/A       4%          4
 Petrify                  Tmut/Erth      34%        N/A       4%          4
 Summon Ice Beast         Ice/Summ       31%        N/A       4%          4
 Summon Lightning Spire   Summ/Air       31%        N/A       4%          4
 Summon Forest            Summ/Tloc      23%        N/A       4%          5
 Borgnjor's Vile Clutch   Necr/Erth      17%        N/A       11%         5
 Agony                    Necr           31%        N/A       13%         5
 Alistair's Intoxication  Tmut/Pois      20%        N/A       13%         5
 Hydra Form               Tmut           15%        N/A       13%         5
 Eringya's Noxious Bog    Tmut/Pois      15%        N/A       19%         6
 Statue Form              Tmut/Erth      22%        N/A       47%         6
 Blade Hands              Tmut           15%        N/A       54%         6
 Death Channel            Necr           15%        N/A       54%         6
 Simulacrum               Ice/Necr       15%        N/A       54%         6
 Disjunction              Tloc           29%        N/A       95%         8
 Summon Hydra             Summ           15%        N/A       98%         7
 Tornado                  Air            15%        N/A       100%        9


Dungeon Overview and Level Annotations

Branches:
Dungeon (1/1)

Altars:
Ashenzari
Cheibriados
Dithmenos
Elyvilon
Fedhas
Gozag
Hepliaklqana
Kikubaaqudgha
Makhleb
Nemelex Xobeh
Okawaru
Qazlal
Ru
Sif Muna
Trog
Uskayaw
Vehumet
Wu Jian
Xom
Yredelemnul
Zin
The Shining One
Beogh
Jiyva
Lugonu

Annotations:
D 1 transporter


Innate Abilities, Weirdness & Mutations

You sometimes lose the ability to read scrolls when taking damage.


Message History

Ouch! That really hurt!
The adder skeleton is engulfed in freezing vapours.
The hell hog is engulfed in freezing vapours.
The wight is engulfed in freezing vapours.
The hell knight is engulfed in freezing vapours.
The hellion is engulfed in freezing vapours.
The phantom is engulfed in freezing vapours.
The wraith is engulfed in freezing vapours.
The quokka skeleton is engulfed in freezing vapours.
Your Hexes skill increases to level 7!
Your Earth Magic skill increases to level 1!
Unknown command.
Unknown command.
Casting: Fireball (safe; 0% risk of failure)
Confirm with . or Enter, or press ? or * to list all spells.
Aiming: Fireball (safe; 0% risk of failure)
Press: ? - help, Shift-Dir - straight line, f/p - tormentor
Aim: a tormentor (heavily wounded, wandering, hasn't noticed you)
You feel a surge of power!
The fireball explodes!
The fireball engulfs the tormentor!
The tormentor resists.
The tormentor is almost dead.
The fireball engulfs the hellion!!!
You kill the hellion!
Vehumet accepts your kill.
You feel your power returning.
You hear a sizzling sound!
The fireball engulfs the hell hog.
The hell hog resists.
The hell hog is heavily wounded.
You hear a sizzling sound!
The hellion is engulfed in freezing vapours.
The hellion gestures at you.
The sphere of damnation explodes!
The damnation engulfs you!!
You feel threatened and lose the ability to read scrolls!
* * * LOW HITPOINT WARNING * * *
The hell knight is engulfed in freezing vapours.
The adder skeleton is engulfed in freezing vapours.
The hellion is engulfed in freezing vapours.
The hellion gestures at you.
The sphere of damnation explodes!
The damnation engulfs you!
You die...

▓▓▓▓▓▓▓▓▓▓
▓.§§§§8Z8§§§..▓....8©8..
▓.§§§§§§2§z§..▓..:)).|))
▓.§§§))=p§Z§..▓...)[))[[
▓.....Wp§§W§..▓.....†...
▓..2h.h...W...▓....)....
▓.............▓.........
▓.............▓.........
▓......@......▓.........
▓..▓.......▓..▓..▓.....▓
▓ ▓.▓.....▓.▓ ▓.........
▓..▓.......▓..▓.....©...
▓.............▓▓▓▓▓▓▓▓▓▓
▓......©......▓....8©8..
▓▓▓▓▓▓▓▓▓▓▓▓▓▓▓..))|=.|.
▓...}[.}.) ▓.........


You could see 2 hell knights, a hell hog (wandering), a hellion, a tormentor
(wandering), a wraith, a phantom, a hell hound, a shadow, a wight, an adder
skeleton (wandering) and a quokka skeleton (wandering).

Vanquished Creatures
  A sphinx (D)
  A balrug (D)
  A ghoul (D)
  A very ugly thing (D)
  A black draconian (D)
  2 vault guards (D)
  A hydra (D)
  A boulder beetle (D)
  A catoblepas (D)
  A spriggan air mage (D)
  A soul eater (D)
  A skeletal warrior (D)
  A glowing orange brain (shapeshifter) (D)
  A swamp dragon (shapeshifter) (D)
  A shining eye (shapeshifter) (D)
  3 ugly things (D)
  A shining eye (D)
  4 draconians (D)
  An elephant (D)
  2 rust devils (D)
  3 vault sentinels (D)
  A rime drake (D)
  4 hellions (D)
  A yaktaur (D)
  A freezing wraith (D)
  A komodo dragon (D)
  2 red devils (D)
  A meliai (shapeshifter) (D)
  A jumping spider (D)
  A dream sheep (D)
  A tarantella (D)
  3 shadows (D)
  3 redbacks (D)
  A golden eye (D)
  A wraith (D)
  2 neqoxecs (D)
  2 water moccasins (D)
  A floating eye (D)
  5 orc warriors (D)
  3 necrophages (D)
  A phantom (D)
  4 scorpions (D)
  3 wights (D)
  A crimson imp (D)
  A jelly (D)
  2 orc priests (D)
  3 iron imps (D)
  4 orc wizards (D)
  2 mummies (D)
  An adder (D)
  A white imp (D)
  4 adder skeletons (D)
  3 adder zombies (D)
  6 orcs (D)
  A bat skeleton (D)
  3 bat zombies (D)
  An endoplasm (D)
  A ball python (D)
  A ball python skeleton (D)
  3 ball python zombies (D)
  A jackal skeleton (D)
  A quokka skeleton (D)
  2 spectral ball pythons (D)
  A spectral quokka (D)
116 creatures vanquished.

Vanquished Creatures (others)
  A bat zombie (D)
  8 foxfires (D)
9 creatures vanquished.

Grand Total: 125 creatures vanquished

Notes
Turn   | Place    | Note
-------+----------+-------------------------------------------
     0 | D        | mhtbhm the Deep Elf Fire Elementalist began the quest for
                  | the Orb.
     0 | D        | Reached XP level 1. HP: 10/10 MP: 6/6
     2 | D        | Found a shimmering blue altar of Sif Muna.
     2 | D        | Found a bloodstained altar of Trog.
     2 | D        | Found a sacrificial altar of Ru.
     2 | D        | Found a stormy altar of Qazlal.
     2 | D        | Found an iron altar of Okawaru.
     3 | D        | Found a sparkling altar of Nemelex Xobeh.
     3 | D        | Found a blossoming altar of Fedhas.
     4 | D        | Found the +6 Majin-Bo {vamp, MP+6 Int+6}
     4 | D        | Found the +9 heavy crossbow "Sniper" {vorpal, Acc+∞ SInv}
     4 | D        | Found the +10 dark maul {vorpal}
     4 | D        | Found the +15 Maxwell's patent armour {-Cast -Tele rElec
                  | Will+ rCorr}
     4 | D        | Found the +18 shield of the Gong {rElec rN+ Will+ EV-5}
     4 | D        | Found the +14 obsidian axe {vorpal, Drain Fly SInv}
     4 | D        | Found the +7 great mace "Firestarter" {inner flame, rF++}
     4 | D        | Found the +6 shillelagh "Devastator" {shatter}
     4 | D        | Found the +11 plutonium sword {Contam Stlth-}
     4 | D        | Found the +8 lance "Wyrmbane" {slay drac, rPois rF+ rC+
                  | AC+3}
     4 | D        | Found the +9 sword of Zonguldrok {reap}
     4 | D        | Found the +13 scythe of Curses {drain, Drain}
     4 | D        | Found the +5 sword of Power {vorpal}
     4 | D        | Found the +7 mace of Variability {chain chaos}
     4 | D        | Found the +7 Singing Sword {vorpal, sonic wave}
     4 | D        | Found the +8 storm bow {elec, penet}
     5 | D        | Found a transporter.
     5 | D        | Found an ancient bone altar of Kikubaaqudgha.
     5 | D        | Found a viscous altar of Jiyva.
     5 | D        | Found a corrupted altar of Lugonu.
     5 | D        | Found a hazy altar of Hepliaklqana.
     5 | D        | Found a burning altar of Makhleb.
     5 | D        | Found an opulent altar of Gozag.
    45 | D        | Became a worshipper of Vehumet
    73 | D        | Entered arena 2.
    73 | D        | Found a transporter.
    80 | D        | Reached XP level 2. HP: 11/15 MP: 8/8
   164 | D        | Got the amulet of Doubts {RegenMP rCorr Str+2}
   168 | D        | Entered arena 3.
   168 | D        | Noticed a scorpion
   168 | D        | Noticed a tarantella
   168 | D        | Noticed a scorpion
   168 | D        | Found a transporter.
   170 | D        | Killed a scorpion
   170 | D        | Reached * piety under Vehumet
   170 | D        | Offered knowledge of Magic Dart by Vehumet.
   170 | D        | Killed a scorpion
   171 | D        | Reached skill level 5 in Dodging
   171 | D        | Reached skill level 6 in Spellcasting
   171 | D        | Reached XP level 3. HP: 20/20 MP: 12/12
   171 | D        | Reached XP level 4. HP: 24/24 MP: 14/14
   176 | D        | Killed a tarantella
   177 | D        | Reached skill level 1 in Fighting
   177 | D        | Reached skill level 8 in Spellcasting
   177 | D        | Reached skill level 10 in Fire Magic
   177 | D        | Reached skill level 1 in Evocations
   177 | D        | Reached XP level 5. HP: 12/29 MP: 16/17
   177 | D        | Reached XP level 6. HP: 14/34 MP: 17/19
   181 | D        | Learned a level 3 spell: Conjure Flame
   185 | D        | Learned a level 3 spell: Inner Flame
   190 | D        | Learned a level 4 spell: Sticky Flame
   196 | D        | Learned a level 5 spell: Fireball
   359 | D        | Entered arena 4.
   359 | D        | Noticed a floating eye
   359 | D        | Noticed a golden eye
   359 | D        | Found a transporter.
   360 | D        | Reached ** piety under Vehumet
   360 | D        | Offered knowledge of Static Discharge by Vehumet.
   360 | D        | Killed a floating eye
   361 | D        | Reached skill level 9 in Spellcasting
   361 | D        | Killed a golden eye
   361 | D        | Reached *** piety under Vehumet
   362 | D        | Reached XP level 7. HP: 33/39 MP: 21/22
   400 | D        | Got the Catalogue of Captivating Orientation
   405 | D        | Entered arena 5.
   405 | D        | Found a transporter.
   409 | D        | Reached **** piety under Vehumet
   410 | D        | Reached skill level 10 in Spellcasting
   446 | D        | Entered arena 6.
   446 | D        | Noticed a draconian
   446 | D        | Noticed a draconian
   446 | D        | Noticed a black draconian
   446 | D        | Noticed a draconian
   446 | D        | Noticed a draconian
   446 | D        | Found a transporter.
   450 | D        | Killed a draconian
   450 | D        | Killed a draconian
   450 | D        | Reached ***** piety under Vehumet
   451 | D        | Reached skill level 11 in Spellcasting
   451 | D        | Reached skill level 5 in Conjurations
   451 | D        | Reached XP level 8. HP: 34/45 MP: 14/25
   452 | D        | Killed a draconian
   453 | D        | Reached skill level 12 in Spellcasting
   453 | D        | Killed a draconian
   453 | D        | Killed a black draconian
   454 | D        | Reached skill level 13 in Spellcasting
   454 | D        | Reached XP level 9. HP: 47/49 MP: 9/28
   559 | D        | Got the ring "Wyddahit" {Wiz Contam Int+3}
   569 | D        | Got the +1 robe of Wrong Decisions {Rampage rElec}
   584 | D        | Entered arena 7.
   584 | D        | Noticed a jumping spider
   586 | D        | Offered knowledge of Frozen Ramparts by Vehumet.
   587 | D        | Reached skill level 14 in Spellcasting
   588 | D        | Reached skill level 5 in Evocations
   588 | D        | Killed a jumping spider
   588 | D        | Reached ****** piety under Vehumet
   589 | D        | Reached skill level 1 in Hexes
   618 | D        | Found a transporter.
   626 | D        | Got Tuheis's Volume of Entrancing Transmigration
   633 | D        | Entered arena 8.
   636 | D        | Reached XP level 10. HP: 45/56 MP: 30/30
   638 | D        | Found a transporter.
   646 | D        | Got the Catalogue of Fiery Malediction
   753 | D        | Entered arena 9.
   753 | D        | Noticed a vault sentinel
   753 | D        | Noticed a vault sentinel
   753 | D        | Noticed a vault sentinel
   753 | D        | Noticed a sphinx
   753 | D        | Noticed a vault guard
   753 | D        | Noticed a vault guard
   754 | D        | Identified the ring "Focabris" {MP+9 Str+2 Dex+6 SInv}
   756 | D        | Offered knowledge of Fulminant Prism by Vehumet.
   756 | D        | Killed a vault sentinel
   757 | D        | Reached skill level 15 in Spellcasting
   757 | D        | Killed a vault guard
   758 | D        | Reached skill level 10 in Dodging
   758 | D        | Reached skill level 10 in Conjurations
   758 | D        | Killed a vault guard
   758 | D        | Killed a vault sentinel
   769 | D        | Killed a sphinx
   770 | D        | Reached skill level 16 in Spellcasting
   770 | D        | Reached XP level 11. HP: 26/60 MP: 7/33
   770 | D        | Found a transporter.
   958 | D        | Entered arena 10.
   960 | D        | Offered knowledge of Lee's Rapid Deconstruction by Vehumet.
  1099 | D        | Found a transporter.
  1129 | D        | Learned a level 5 spell: Lee's Rapid Deconstruction
  1132 | D        | Learned a level 2 spell: Blink
  1160 | D        | Entered arena 11.
  1161 | D        | Identified the ring "Jutriv" {rF+ Int+6}
  1161 | D        | Identified the ring of the Jester {Fire Str+3}
  1162 | D        | Offered knowledge of Iskenderun's Mystic Blast by Vehumet.
  1163 | D        | Reached skill level 17 in Spellcasting
  1167 | D        | Found a transporter.
  1177 | D        | Got Fumoicott's Handbook of Lightness
  1186 | D        | Got the Incunabulum of Curses and Moulding
  1203 | D        | Entered arena 12.
  1203 | D        | Noticed a boulder beetle
  1203 | D        | Noticed a spriggan air mage
  1204 | D        | Noticed a five-headed hydra
  1204 | D        | Noticed a catoblepas
  1211 | D        | Killed a spriggan air mage
  1212 | D        | Found a transporter.
  1223 | D        | Killed a catoblepas
  1224 | D        | Reached skill level 1 in Translocations
  1224 | D        | Killed a five-headed hydra
  1225 | D        | Reached skill level 18 in Spellcasting
  1225 | D        | Reached skill level 5 in Hexes
  1226 | D        | Killed a boulder beetle
  1358 | D        | Got the +8 rapier of the Known World {flame, rElec rF+++
                  | Dex-2}
  1370 | D        | Learned a level 3 spell: Swiftness
  1373 | D        | Entered arena 13.
  1373 | D        | Noticed a red ugly thing
  1373 | D        | Noticed a shining eye
  1373 | D        | Noticed a brown ugly thing
  1373 | D        | Noticed a shining eye
  1374 | D        | Noticed a glowing orange brain
  1374 | D        | a shining eye changed into a glowing orange brain
  1374 | D        | Noticed a purple very ugly thing
  1374 | D        | Noticed a shining eye
  1375 | D        | Noticed a cyan ugly thing
  1375 | D        | Killed a shining eye
  1375 | D        | Offered knowledge of Bolt of Magma by Vehumet.
  1375 | D        | Killed a brown ugly thing
  1376 | D        | Killed a cyan ugly thing
  1377 | D        | Reached skill level 19 in Spellcasting
  1377 | D        | Killed a glowing orange brain
  1377 | D        | Killed a shining eye
  1378 | D        | Killed a red ugly thing
  1379 | D        | Reached XP level 12. HP: 65/65 MP: 37/37
  1380 | D        | Gained mutation: You sometimes lose the ability to read
                  | scrolls when taking damage. [a neqoxec]
  1382 | D        | Killed a purple very ugly thing
  1386 | D        | Found a transporter.
  1543 | D        | Reached skill level 1 in Staves
  1543 | D        | Reached skill level 20 in Spellcasting
  1543 | D        | Reached XP level 13. HP: 70/70 MP: 39/39
  1551 | D        | Entered arena 14.
  1558 | D        | Learned a level 5 spell: Bolt of Magma
  1562 | D        | Learned a level 3 spell: Mephitic Cloud
  1562 | D        | Noticed a ghoul
  1565 | D        | Offered knowledge of Yara's Violent Unravelling by Vehumet.
  1575 | D        | Killed a ghoul
  1580 | D        | Reached skill level 5 in Translocations
  1610 | D        | Found the +7 Spriggan's Knife {stab, EV+4 Stlth+}
  1610 | D        | Found a transporter.
  1722 | D        | Entered arena 15.
  1723 | D        | Noticed a balrug
  1724 | D        | Offered knowledge of Starburst by Vehumet.
  1726 | D        | Identified the ring "Facs" {rF+ rN+ Str+3 Stlth-}
  1730 | D        | Found a transporter.
  1735 | D        | Killed a balrug
  1736 | D        | Reached skill level 21 in Spellcasting
  1776 | D        | Got the amulet of the Lizard {Spirit Int+2 Dex+5}
  1779 | D        | Got the ring "Jadumuim" {rC- rN++ rCorr EV+4}
  1831 | D        | Entered arena 16.
  1839 | D        | Learned a level 6 spell: Invisibility
  1841 | D        | Found a transporter.
  1964 | D        | Entered arena 17.
  1969 | D        | Found the +10 morningstar "Eos" {elec, Halo rElec}
  1969 | D        | Found a transporter.
  1971 | D        | Offered knowledge of Ozocubu's Refrigeration by Vehumet.
  1972 | D        | Reached skill level 1 in Earth Magic
  1972 | D        | Killed from afar by a hellion

Illustrated notes

Levels and vault maps discovered:
D:        sprint_v [room_start, room_1, room_2, room_3, room_4, room_5, room_6,
          room_7, room_8, room_9, room_10, room_11, room_12, room_13, room_14,
          room_15, room_16, room_17, room_18, room_19, room_20, room_21,
          room_22, room_23, room_24, room_25, room_26, room_27]

Skill      XL: |  1  2  3  4  5  6  7  8  9 10 11 12 13 |
---------------+----------------------------------------+-----
Dodging        | 3 5 6 7 8 9 10 11 12 | 12.3
Fire Magic     | 4 8 10 12 14 16 18 19 20 | 20.5
Spellcasting   | 6 8 9 11 13 14 16 19 20 21 | 21.4
Fighting       | 1 2 3 4 |  4.2
Conjurations   | 2 3 5 8 11 13 14 | 14.8
Evocations     | 1 2 3 4 5 6 7 |  7.2
Hexes          | 1 3 6 7 |  7.0
Translocations | 4 5 |  5.5
Staves         | 1 |  1.8
Earth Magic    | 1 |  1.0
Stealth        | |  2.7

Action                   |  1- 3 |  4- 6 |  7- 9 | 10-12 | 13-15 || total
-------------------------+-------+-------+-------+-------+-------++-------
Melee: Quarterstaff      |     2 |       |       |       |       ||     2
       Staff             |       |       |       |     1 |     2 ||     3
 Cast: Foxfire           |     2 |     3 |       |       |       ||     5
       Fireball          |       |     2 |    12 |    34 |    10 ||    58
       Inner Flame       |       |       |     1 |     5 |     1 ||     7
       Sticky Flame      |       |       |       |     5 |     5 ||    10
       Blink             |       |       |       |     5 |     1 ||     6
       Bolt of Magma     |       |       |       |       |     3 ||     3
       Invisibility      |       |       |       |       |     2 ||     2
       Lee's Rapid Decon |       |       |       |       |     1 ||     1
Evoke: Wand              |     2 |       |     2 |     2 |     1 ||     7
       Tin of tremorston |       |       |     1 |     1 |     2 ||     4
       Condenser vane    |       |       |       |       |     3 ||     3
  Use: Potion            |     2 |     1 |       |     7 |     5 ||    15
       Scroll            |       |       |     1 |     1 |       ||     2
Armor: Robe              |       |       |       |     4 |     1 ||     5
Dodge: Dodged            |     4 |     3 |     1 |    16 |    15 ||    39

Table legend: (Time is in decaauts)
 A = Elapsed time spent in this place.
 B = Non-inter-level travel time spent in this place.
 C = Inter-level travel time spent in this place.
 D = Time resting spent in this place.
 E = Time spent auto-exploring this place.
 F = Levels seen in this place.
 G = Mean time per level.
                   A        B        C        D        E       F      G
               +--------+--------+--------+--------+--------+-----+--------+
         Total |   1951 |   1951 |      0 |   1239 |      0 |   1 | 1951.0 |
       Dungeon |   1951 |   1951 |      0 |   1239 |      0 |   1 | 1951.0 |
               +--------+--------+--------+--------+--------+-----+--------+

Top non-repeatable levels by time:
       D: 1951 daAuts
